 Dungeon Crawl Stone Soup version 0.29.0-4-gdea44cf6ec (webtiles) character file.

Game seed: 16716272896641483504

66 qw the Chopper (level 4, -1/26 HPs)
             Began as a Tengu Warper on Aug 28, 2022.
             Slain by a goblin
             ... wielding a +0 dagger
             ... led by Robin
              (4 damage)
             ... on level 2 of the Dungeon.
             The game lasted 00:00:08 (1861 turns).

qw the Chopper (Tengu Warper)                       Turns: 1861, Time: 00:00:08

Health: -1/26      AC:  3    Str: 13    XL:     4   Next: 15%
Magic:  8/8        EV: 12    Int: 14    God:
Gold:   58         SH:  0    Dex: 13    Spells: 7/7 levels left

rFire   . . .      SeeInvis .   Y - +0 hand axe
rCold   . . .      Faith    .   (no shield)
rNeg    . . .      Spirit   .   b - +0 leather armour
rPois   .          Reflect  .   (helmet restricted)
rElec   .          Harm     .   (no cloak)
rCorr   .          Rampage  .   (no gloves)
Will    .....                   (boots unavailable)
Stlth   +.........              (no amulet)
HPRegen 0.08/turn               (no ring)
MPRegen 0.11/turn               (no ring)

@: no status effects
A: beak, talons 3
a: no special abilities


You were on level 2 of the Dungeon.
You visited 1 branch of the dungeon, and saw 2 of its levels.

You collected 58 gold pieces.


Innate Abilities, Weirdness & Mutations

You have a beak for a mouth.
You have claws for feet.


   Skills:
 - Level 2.0 Fighting
 + Level 4.7 Axes
 - Level 1.0 Throwing
 - Level 1.1 Armour
 - Level 2.1 Dodging
 - Level 2.0 Spellcasting
 - Level 2.4 Translocations


You had 7 spell levels left.
You didn't know any spells.
Your spell library contained the following spells:

 Spells                   Type           Power      Damage    Failure   Level
 Blink                    Tloc           16%        N/A       17%         2
 Gell's Gravitas          Tloc           8%         N/A       34%         3
 Lesser Beckoning         Tloc           8%         N/A       34%         3
 Teleport Other           Tloc           8%         N/A       34%         3
 Manifold Assault         Tloc           8%         N/A       97%         5

Inventory:

Hand Weapons
 i - a +0 whip
 Y - a +0 hand axe (weapon)
Armour
 a - the +0 cloak of Recklessness {Rampage rF+ Dex+3 Stlth+}
   (You found it on level 2 of the Dungeon)

   Dex:       It affects your dexterity (+3).
   rF:        It protects you from fire.
   Rampage:   It bestows one free step when moving towards enemies.
   Stlth:     It makes you more stealthy.
 b - a +0 leather armour (worn)
Scrolls
 d - a scroll of vulnerability {unknown}
 f - 2 scrolls of teleportation {unknown}
Potions
 c - a potion of flight {unknown}
 e - a potion of curing {unknown}
 g - 2 potions of heal wounds

Dungeon Overview and Level Annotations

Branches:
Dungeon (2/15)

Altars:

Annotations:
D:2 Robin


Message History

You kill the rat!
f - 2 scrolls labelled MOICEA GUL YPTOL (gained 1)
You open the door.
Robin and 9 goblins come into view.
Robin is wielding a +0 mace of protection and wearing the +2 helmet "Toomunen" {rN+ Int+4}.
Robin shouts!
The goblin shouts! x6
Robin says, "A pitiful Tengu like you will never find the ORB!"
Robin throws the goblin at you!
A goblin comes into view. It is wielding a +0 club.
The goblin closely misses you.
A goblin comes into view. It is wielding a +0 club.
Enter note: You miss the goblin.
The goblin shouts! x4
You claw the goblin.
You kill the goblin!
Robin roars a battlecry!
The goblins go into a battle-frenzy!
A goblin comes into view. It is wielding a +0 dagger.
The goblin shouts!
You hit the goblin. You claw the goblin.
You kill the goblin!
The goblin unwields a +0 dagger.
The goblin wields a +0 sling.
The goblin shoots a sling bullet.
The sling bullet hits you. Robin throws the goblin at you!
A hobgoblin comes into view.
The goblin hits you with a +0 club.
You hit the goblin.
You kill the goblin!
You closely miss the goblin. Robin throws the goblin at you!
The goblin barely misses you. The goblin hits you with a +0 dagger.
You closely miss the goblin. You hit the goblin.
You kill the goblin!
The goblin hits you with a +0 dagger.
You hit the goblin. Your kick misses the goblin. Your peck misses the goblin.
The goblin is moderately wounded.
You hit the goblin. The goblin hits you with a +0 club.
The goblin hits you with a +0 dagger.
You die... #.# #..#.##+ #.# #..#.# #.# #..#.# #.# #.#..# #.# # # ...... #.# .#.# ###### #.# gg...

#.########gg...##########
#......g@ggg...##........
##########g...###.####..#
###########.#######
#..................
#..............####
#..............#
#..............#
#..............#
#..............#


You could see Robin, a hobgoblin (strong) and 7 goblins.

Vanquished Creatures
  3 adders (D:2)
  A worm (D:2)
  A dart slug (D:2)
  6 ball pythons
  4 bats
  2 endoplasms
  6 goblins
  3 hobgoblins
  3 kobolds (D:1)
  3 frilled lizards (D:1)
  3 rats
35 creatures vanquished.

Notes
Turn   | Place    | Note
-------+----------+-------------------------------------------
     0 | D:1      | qw the Tengu Warper began the quest for the Orb.
     0 | D:1      | Reached XP level 1. HP: 12/12 MP: 4/4
     0 | D:1      | 0 ||| qw: Version: 0.1-a-89-g26bdef1
     0 | D:1      | 0 ||| qw: Game counter: 1396
     0 | D:1      | 0 ||| qw: Always use a shield: true
     0 | D:1      | 0 ||| qw: God list: Okawaru
     0 | D:1      | 0 ||| qw: Allow faded altars: false
     0 | D:1      | 0 ||| qw: Do Orc after D:15 true
     0 | D:1      | 0 ||| qw: Do second Lair branch before Depths: true
     0 | D:1      | 0 ||| qw: Lair rune preference: random
     0 | D:1      | 0 ||| qw: Plans: Normal
     0 | D:1      | 0 ||| PLANNING D:1-11
   131 | D:1      | 131 ||| Stepping ~*~*~tactically~*~*~ (stealth).
   153 | D:1      | Reached XP level 2. HP: 13/17 MP: 6/6
   267 | D:1      | Reached skill level 3 in Axes
   705 | D:1      | 705 ||| DROPPING +0 club.
   771 | D:1      | 771 ||| READING scroll labelled ITOAWO PIUTECH.
   772 | D:1      | 772 ||| READING scroll labelled VUIZAX PUBI.
   773 | D:1      | 773 ||| READING scroll labelled MEPIADEUVE.
   774 | D:1      | 774 ||| DRINKING 3 fizzy white potions.
   775 | D:1      | 775 ||| DROPPING scroll of blinking.
   885 | D:2      | Identified the +0 cloak of Recklessness {Rampage rF+ Dex+3
                  | Stlth+}
  1004 | D:2      | Reached XP level 3. HP: 8/21 MP: 7/7
  1280 | D:2      | Reached skill level 4 in Axes
  1491 | D:2      | HP: 5/21 [poisoned by an adder]
  1743 | D:2      | Reached XP level 4. HP: 26/26 MP: 8/8
  1776 | D:2      | 1776 ||| Stepping ~*~*~tactically~*~*~ (stealth).
  1780 | D:2      | 1780 ||| Stepping ~*~*~tactically~*~*~ (stealth).
  1785 | D:2      | 1785 ||| Stepping ~*~*~tactically~*~*~ (stealth).
  1786 | D:2      | 1786 ||| Stepping ~*~*~tactically~*~*~ (stealth).
  1802 | D:2      | 1802 ||| Stepping ~*~*~tactically~*~*~ (stealth).
  1805 | D:2      | 1805 ||| Stepping ~*~*~tactically~*~*~ (stealth).
  1806 | D:2      | 1806 ||| Stepping ~*~*~tactically~*~*~ (stealth).
  1807 | D:2      | 1807 ||| Stepping ~*~*~tactically~*~*~ (stealth).
  1856 | D:2      | Identified the +2 helmet "Toomunen" {rN+ Int+4}
  1856 | D:2      | Noticed Robin
  1861 | D:2      | HP: 3/26 [goblin/+0 club[Robin] (5)]
  1861 | D:2      | Slain by a goblin

Levels and vault maps discovered:
D:1:      psy_arrival_conway, layout_rooms, minmay_heptomino_h4
D:2:      layout_basic, basic_altar, serial_shops, shop, nrook_mini_backslash,
          minmay_snake_closets, uniq_terence, uniq_robin, uniq_natasha

Skill      XL: |  1  2  3 |
---------------+----------+-----
Axes           | 3 4 |  4.7
Fighting       | |  2.0
Throwing       | |  1.0
Armour         | |  1.1
Dodging        | |  2.1
Spellcasting   | |  2.0
Translocations | |  2.4

Action                   |  1- 3 |  4- 6 || total
-------------------------+-------+-------++-------
Melee: Hand axe          |    68 |     9 ||    77
       Kick              |    19 |     3 ||    22
       Peck              |     7 |       ||     7
Throw: Boomerang         |     7 |       ||     7
  Use: Scroll            |     3 |       ||     3
       Potion            |     1 |       ||     1
Armor: Leather armour    |    16 |     1 ||    17
Dodge: Dodged            |    40 |     3 ||    43

Table legend:
 A = Non-vault XP
 B = Vault XP
 C = Vault XP percentage of total XP
 D = Non-vault monster count
 E = Vault monster count
 F = Vault count percentage of total count
                 A         B        C        D         E       F
            +---------+---------+-------+---------+---------+-------
      Total |      38 |      57 |  60.0 |      21 |      14 |  40.0
            +---------+---------+-------+---------+---------+-------
        D:1 |      21 |       6 |  22.2 |      14 |       3 |  17.6
        D:2 |      17 |      51 |  75.0 |       7 |      11 |  61.1
            +---------+---------+-------+---------+---------+-------
